[ AOE2 MATCH · #477151997 ]
Team RMChinese vs Ethiopians
[ REPLAY ANALYSIS · EXTRACTED FROM THE RECORDED GAME ]
Feudal
11:45
Castle
18:31
Imperial
40:53
| APM avg | 12.4 |
| APM peak | 22 |
| eAPM avg | 10.4 |
| Villagers / military | 56 / 53 |
Focus
⚔️ 39.1% · 🌾 60.9%
Skirmisher ×20 · Chu Ko Nu ×20 · Battering Ram ×9 · Trebuchet (Packed) ×4
Feudal
10:04
Castle
26:45
Imperial
—
| APM avg | 25.7 |
| APM peak | 75 |
| eAPM avg | 9.8 |
| Villagers / military | 37 / 63 |
Focus
⚔️ 38.7% · 🌾 61.3%
Archer ×41 · Knight ×21 · Monk ×1
Feudal
—
Castle
—
Imperial
—
| APM avg | 26.3 |
| APM peak | 78 |
| eAPM avg | 16.2 |
| Villagers / military | 101 / 74 |
Focus
⚔️ 34.2% · 🌾 65.8%
Skirmisher ×33 · Knight ×26 · Scout Cavalry ×9 · Spearman ×4 · Trebuchet (Packed) ×1 · Battering Ram ×1
Feudal
10:50
Castle
24:09
Imperial
39:24
| APM avg | 37.2 |
| APM peak | 96 |
| eAPM avg | 17.9 |
| Villagers / military | 77 / 22 |
Focus
⚔️ 15.9% · 🌾 84.1%
Militia ×14 · Scorpion ×4 · Spearman ×2 · Trebuchet (Packed) ×2
Match map
Resources at game start + every placement click. Thick line = wall · dashed box = detected house wall. 🟡 gold · ⚪ stone · 🟢 berries · 🔶 boar · ⭕ relic
Inputs per minute
— PicanteMartinez - - bDk
Build order — PicanteMartinez
First 150 of 153 actions detected
| 0:12 | Research | Loom |
| 0:12 | Research | Loom |
| 0:52 | Create | Villager (Male) |
| 1:35 | Create | Villager (Male) |
| 2:07 | Create | Villager (Male) |
| 2:27 | Build | House |
| 2:28 | Build | House |
| 2:33 | Create | Villager (Male) |
| 2:41 | Create | Villager (Male) |
| 3:09 | Create | Villager (Male) |
| 3:20 | Build | Mill |
| 4:23 | Create | Villager (Male) |
| 4:42 | Build | Lumber Camp |
| 5:32 | Create | Villager (Male) |
| 5:32 | Create | Villager (Male) |
| 6:15 | Create | Villager (Male) |
| 6:15 | Create | Villager (Male) |
| 6:15 | Create | Villager (Male) |
| 6:42 | Create | Villager (Male) |
| 7:03 | Build | Farm |
| 7:03 | Build | Farm |
| 7:03 | Build | Farm |
| 7:03 | Build | Farm |
| 7:03 | Build | Farm |
| 7:04 | Build | Farm |
| 7:08 | Create | Villager (Male) |
| 7:08 | Create | Villager (Male) |
| 7:08 | Create | Villager (Male) |
| 7:57 | Create | Villager (Male) |
| 7:57 | Create | Villager (Male) |
| 7:57 | Create | Villager (Male) |
| 7:57 | Create | Villager (Male) |
| 8:33 | Build | Mining Camp |
| 9:02 | Build | Mill |
| 9:35 | Research | Feudal Age |
| 9:59 | Build | Barracks |
| 10:39 | Build | House |
| 10:42 | Build | House |
| 11:16 | Build | House |
| 11:17 | Build | House |
| 11:26 | Build | Lumber Camp |
| 11:34 | Build | Farm |
| 11:34 | Build | Farm |
| 11:45 | Age | Feudal Age |
| 11:55 | Create | Villager (Male) |
| 12:27 | Build | Farm |
| 12:32 | Create | Villager (Male) |
| 12:44 | Research | Double-Bit Axe |
| 13:23 | Build | Market |
| 13:57 | Build | Farm |
| 14:01 | Build | Farm |
| 14:33 | Build | Farm |
| 14:47 | Build | Farm |
| 15:12 | Create | Villager (Male) |
| 15:21 | Build | Blacksmith |
| 15:42 | Build | Farm |
| 15:51 | Research | Castle Age |
| 16:09 | Create | Villager (Male) |
| 16:10 | Create | Villager (Male) |
| 16:35 | Build | Watch Tower |
| 17:03 | Build | Mining Camp |
| 17:07 | Research | Horse Collar |
| 17:11 | Build | Farm |
| 18:07 | Research | Stone Mining |
| 18:31 | Age | Castle Age |
| 18:53 | Build | Archery Range |
| 19:05 | Research | Town Watch |
| 19:34 | Create | Skirmisher ×5 |
| 20:06 | Build | Watch Tower |
| 20:20 | Research | Fletching |
| 20:29 | Research | Wheelbarrow |
| 20:37 | Build | House |
| 20:54 | Research | Elite Skirmisher (upgrade) |
| 22:04 | Build | Watch Tower |
| 22:10 | Research | Gold Mining |
| 22:20 | Create | Skirmisher |
| 22:20 | Create | Skirmisher |
| 22:36 | Build | Farm |
| 22:45 | Create | Villager (Male) |
| 22:48 | Create | Villager (Male) |
| 22:48 | Create | Villager (Male) |
| 23:36 | Build | University |
| 23:56 | Build | Farm |
| 24:40 | Build | Siege Workshop |
| 24:47 | Research | Hand Cart |
| 24:53 | Research | Murder Holes |
| 25:12 | Create | Battering Ram |
| 25:27 | Create | Villager (Male) |
| 25:28 | Create | Villager (Male) |
| 25:35 | Research | Heavy Plow |
| 27:05 | Build | Farm |
| 27:05 | Build | Farm |
| 27:10 | Create | Villager (Male) |
| 27:11 | Create | Villager (Male) |
| 27:24 | Create | Skirmisher ×3 |
| 27:51 | Create | Battering Ram |
| 28:04 | Research | Bodkin Arrow |
| 28:53 | Create | Battering Ram |
| 29:00 | Build | Castle |
| 29:19 | Create | Skirmisher ×5 |
| 30:06 | Create | Villager (Male) |
| 30:07 | Create | Villager (Male) |
| 30:45 | Research | Padded Archer Armor |
| 31:53 | Research | Leather Archer Armor |
| 32:01 | Build | House |
| 32:01 | Build | House |
| 32:01 | Build | House |
| 32:02 | Build | House |
| 32:56 | Build | House |
| 32:56 | Build | House |
| 33:05 | Build | Town Center |
| 33:37 | Create | Villager (Male) ×5 |
| 33:45 | Build | Lumber Camp |
| 33:47 | Build | Lumber Camp |
| 34:15 | Create | Battering Ram |
| 34:15 | Create | Battering Ram |
| 34:28 | Create | Skirmisher ×5 |
| 34:38 | Research | Ballistics |
| 35:48 | Build | Castle |
| 36:14 | Create | Villager (Male) ×5 |
| 36:21 | Build | Mining Camp |
| 36:29 | Research | Gold Shaft Mining |
| 37:03 | Build | Siege Workshop |
| 37:43 | Research | Imperial Age |
| 37:43 | Research | Imperial Age |
| 37:58 | Create | Battering Ram |
| 37:58 | Create | Battering Ram |
| 38:10 | Build | Lumber Camp |
| 38:29 | Create | Chu Ko Nu ×5 |
| 38:51 | Create | Chu Ko Nu ×5 |
| 38:54 | Create | Villager (Male) ×5 |
| 40:34 | Create | Villager (Male) |
| 40:34 | Create | Villager (Male) |
| 40:53 | Age | Imperial Age |
| 40:54 | Create | Trebuchet (Packed) |
| 40:58 | Create | Trebuchet (Packed) |
| 41:22 | Research | Conscription |
| 41:45 | Research | Chemistry |
| 42:18 | Create | Chu Ko Nu ×5 |
| 42:49 | Create | Trebuchet (Packed) |
| 42:49 | Create | Trebuchet (Packed) |
| 44:25 | Research | Arrowslits |
| 44:27 | Research | Masonry |
| 44:44 | Build | Castle |
| 45:20 | Create | Battering Ram |
| 45:21 | Create | Battering Ram |
| 45:22 | Research | Capped Ram (upgrade) |
| 45:32 | Create | Chu Ko Nu ×5 |
| 45:52 | Research | Ring Archer Armor |
| 45:52 | Research | Bracer |
Build order — bDk
First 150 of 165 actions detected
| 0:02 | Build | House |
| 0:07 | Build | House |
| 0:09 | Create | Villager (Male) |
| 0:09 | Create | Villager (Male) |
| 0:09 | Create | Villager (Male) |
| 0:10 | Create | Villager (Male) |
| 1:45 | Create | Villager (Male) |
| 2:00 | Create | Villager (Male) |
| 2:17 | Build | House |
| 2:43 | Create | Villager (Male) |
| 3:06 | Create | Villager (Male) |
| 3:06 | Create | Villager (Male) |
| 3:39 | Build | Mining Camp |
| 3:42 | Build | House |
| 4:09 | Create | Villager (Male) |
| 4:09 | Create | Villager (Male) |
| 4:10 | Create | Villager (Male) |
| 4:49 | Create | Villager (Male) |
| 5:38 | Create | Villager (Male) |
| 5:55 | Create | Villager (Male) |
| 6:09 | Create | Villager (Male) |
| 6:14 | Research | Loom |
| 6:47 | Build | Lumber Camp |
| 7:54 | Research | Feudal Age |
| 8:04 | Build | Mill |
| 9:21 | Build | Barracks |
| 9:44 | Build | House |
| 9:54 | Build | House |
| 9:57 | Create | Villager (Male) |
| 9:58 | Create | Villager (Male) |
| 10:04 | Age | Feudal Age |
| 10:14 | Create | Villager (Male) |
| 11:53 | Create | Villager (Male) |
| 12:04 | Build | Blacksmith |
| 13:21 | Build | Archery Range |
| 13:27 | Research | Fletching |
| 13:35 | Build | Mill |
| 13:54 | Create | Villager (Male) |
| 14:15 | Create | Villager (Male) |
| 14:29 | Research | Gold Mining |
| 14:46 | Create | Archer |
| 14:46 | Create | Archer |
| 14:48 | Build | House |
| 15:29 | Create | Archer |
| 15:35 | Build | Archery Range |
| 16:18 | Create | Villager (Male) |
| 16:19 | Create | Villager (Male) |
| 16:36 | Create | Archer |
| 16:36 | Create | Archer |
| 16:37 | Create | Archer |
| 17:32 | Create | Archer |
| 17:32 | Create | Archer |
| 17:35 | Build | House |
| 19:23 | Build | House |
| 19:47 | Build | Farm |
| 19:48 | Build | Farm |
| 19:48 | Build | Farm |
| 19:48 | Build | Farm |
| 19:49 | Build | Farm |
| 19:58 | Build | Mining Camp |
| 20:13 | Create | Archer |
| 20:13 | Create | Archer |
| 20:57 | Create | Archer |
| 20:57 | Create | Archer |
| 21:29 | Create | Archer |
| 21:29 | Create | Archer |
| 21:30 | Create | Archer |
| 21:34 | Build | House |
| 22:56 | Build | Market |
| 23:57 | Create | Archer |
| 23:58 | Create | Archer |
| 24:05 | Research | Castle Age |
| 24:16 | Create | Archer |
| 24:16 | Create | Archer |
| 24:30 | Build | House |
| 24:54 | Create | Archer |
| 24:54 | Create | Archer |
| 25:07 | Create | Villager (Male) |
| 26:44 | Build | Archery Range |
| 26:45 | Age | Castle Age |
| 26:51 | Research | Crossbowman (upgrade) |
| 28:23 | Build | Town Center |
| 29:13 | Build | House |
| 29:15 | Build | House |
| 29:16 | Build | House |
| 29:17 | Build | House |
| 30:55 | Create | Archer |
| 30:56 | Create | Archer |
| 30:56 | Create | Archer |
| 31:54 | Create | Villager (Male) |
| 31:54 | Create | Villager (Male) |
| 31:56 | Create | Villager (Male) |
| 31:57 | Create | Villager (Male) |
| 32:04 | Create | Villager (Male) |
| 32:04 | Create | Villager (Male) |
| 32:54 | Create | Villager (Male) |
| 32:55 | Create | Villager (Male) |
| 33:14 | Create | Archer |
| 33:15 | Create | Archer |
| 33:16 | Research | Thumb Ring |
| 33:28 | Build | University |
| 33:50 | Build | House |
| 34:03 | Create | Villager (Male) |
| 34:14 | Research | Bodkin Arrow |
| 34:32 | Research | Padded Archer Armor |
| 34:43 | Build | Monastery |
| 34:45 | Build | House |
| 35:13 | Build | Stable |
| 35:19 | Build | Stable |
| 35:24 | Create | Archer |
| 35:24 | Create | Archer |
| 35:29 | Create | Monk |
| 35:47 | Build | Castle |
| 36:09 | Build | Archery Range |
| 36:17 | Research | Ballistics |
| 36:22 | Create | Villager (Male) |
| 36:22 | Create | Villager (Male) |
| 36:35 | Create | Villager (Male) |
| 36:45 | Build | House |
| 36:47 | Build | House |
| 36:51 | Build | House |
| 37:17 | Create | Archer |
| 37:17 | Create | Archer |
| 37:25 | Create | Knight |
| 37:26 | Create | Knight |
| 37:35 | Create | Knight |
| 37:35 | Create | Knight |
| 37:36 | Create | Knight |
| 37:36 | Create | Knight |
| 37:36 | Create | Knight |
| 37:37 | Create | Knight |
| 37:37 | Create | Knight |
| 37:37 | Create | Knight |
| 37:43 | Create | Archer |
| 37:44 | Create | Archer |
| 37:44 | Create | Archer |
| 37:45 | Create | Archer |
| 38:04 | Build | Farm |
| 38:24 | Build | Farm |
| 38:25 | Build | Farm |
| 38:26 | Build | Farm |
| 40:24 | Create | Archer |
| 40:24 | Create | Archer |
| 40:24 | Create | Archer |
| 40:50 | Create | Knight |
| 40:50 | Create | Knight |
| 41:22 | Create | Archer |
| 41:22 | Create | Archer |
| 41:33 | Build | Farm |
| 41:33 | Build | Farm |
Build order — CHONNR10
First 150 of 300 actions detected
| 0:02 | Build | House |
| 0:05 | Build | House |
| 0:06 | Create | Villager (Male) |
| 0:06 | Create | Villager (Male) |
| 0:07 | Create | Villager (Male) |
| 0:07 | Create | Villager (Male) |
| 2:15 | Create | Villager (Male) |
| 2:16 | Create | Villager (Male) |
| 2:45 | Create | Villager (Male) |
| 3:25 | Create | Villager (Male) |
| 3:42 | Create | Villager (Male) |
| 4:16 | Create | Villager (Male) |
| 4:42 | Build | House |
| 4:46 | Create | Villager (Male) |
| 4:54 | Build | Lumber Camp |
| 5:11 | Create | Villager (Male) |
| 5:23 | Build | House |
| 5:35 | Create | Villager (Male) |
| 5:35 | Create | Villager (Male) |
| 5:50 | Build | Mill |
| 6:28 | Create | Villager (Male) |
| 6:31 | Create | Villager (Male) |
| 7:17 | Create | Villager (Male) |
| 7:35 | Build | Mill |
| 7:48 | Create | Villager (Male) |
| 7:52 | Create | Villager (Male) |
| 7:52 | Create | Villager (Male) |
| 8:27 | Research | Feudal Age |
| 8:33 | Build | Barracks |
| 8:44 | Build | House |
| 9:39 | Build | House |
| 10:42 | Create | Villager (Male) |
| 10:51 | Build | Stable |
| 11:01 | Build | Stable |
| 11:15 | Build | Building 487 |
| 11:17 | Create | Villager (Male) |
| 11:17 | Create | Villager (Male) |
| 11:34 | Research | Double-Bit Axe |
| 11:35 | Create | Villager (Male) |
| 11:37 | Create | Scout Cavalry |
| 11:38 | Create | Scout Cavalry |
| 11:38 | Create | Scout Cavalry |
| 11:38 | Create | Scout Cavalry |
| 12:18 | Create | Scout Cavalry |
| 12:41 | Create | Villager (Male) |
| 12:47 | Build | Mining Camp |
| 13:22 | Build | Blacksmith |
| 13:24 | Create | Villager (Male) |
| 13:25 | Create | Villager (Male) |
| 13:40 | Build | Market |
| 13:43 | Create | Villager (Male) |
| 14:01 | Build | Farm |
| 14:07 | Build | House |
| 14:09 | Build | House |
| 14:46 | Build | House |
| 14:49 | Create | Villager (Male) |
| 14:53 | Build | Farm |
| 14:54 | Build | Farm |
| 15:12 | Build | Stone Wall |
| 15:14 | Create | Villager (Male) |
| 15:26 | Build | Stone Wall |
| 15:28 | Create | Villager (Male) |
| 15:31 | Build | Farm |
| 16:04 | Create | Villager (Male) |
| 16:23 | Build | Lumber Camp |
| 16:57 | Build | Lumber Camp |
| 17:02 | Create | Villager (Male) |
| 17:21 | Build | Archery Range |
| 17:37 | Build | Mining Camp |
| 17:39 | Build | Farm |
| 17:41 | Build | Farm |
| 17:42 | Create | Villager (Male) |
| 17:43 | Create | Villager (Male) |
| 17:46 | Create | Scout Cavalry |
| 18:12 | Build | Farm |
| 18:25 | Research | Scale Barding Armor |
| 18:25 | Research | Forging |
| 18:36 | Build | Farm |
| 18:39 | Build | Farm |
| 18:41 | Build | Farm |
| 18:42 | Create | Villager (Male) |
| 19:26 | Create | Villager (Male) |
| 19:27 | Create | Villager (Male) |
| 19:29 | Build | Farm |
| 20:02 | Build | Stone Wall |
| 20:11 | Build | Building 487 |
| 20:27 | Build | Farm |
| 20:29 | Build | Farm |
| 20:30 | Create | Villager (Male) |
| 20:30 | Create | Villager (Male) |
| 20:45 | Build | Lumber Camp |
| 21:12 | Research | Castle Age |
| 21:16 | Build | Farm |
| 21:30 | Build | Archery Range |
| 21:35 | Build | Archery Range |
| 21:40 | Create | Villager (Male) |
| 21:43 | Build | Farm |
| 21:56 | Create | Villager (Male) |
| 22:02 | Create | Scout Cavalry |
| 22:25 | Build | Stable |
| 22:39 | Build | Watch Tower |
| 22:45 | Create | Villager (Male) |
| 22:54 | Research | Fletching |
| 22:54 | Research | Padded Archer Armor |
| 23:06 | Build | Mining Camp |
| 23:25 | Build | Lumber Camp |
| 23:44 | Build | House |
| 23:47 | Build | House |
| 23:49 | Build | House |
| 23:50 | Build | House |
| 23:51 | Build | House |
| 24:18 | Build | Town Center |
| 24:20 | Create | Villager (Male) |
| 24:23 | Research | Husbandry |
| 24:25 | Research | Forging |
| 24:26 | Research | Scale Mail Armor |
| 24:54 | Create | Villager (Male) |
| 25:03 | Build | House |
| 25:05 | Build | House |
| 25:07 | Build | House |
| 25:09 | Create | Villager (Male) |
| 25:29 | Create | Villager (Male) |
| 25:35 | Research | Stone Mining |
| 25:54 | Create | Knight |
| 26:14 | Create | Scout Cavalry |
| 26:14 | Create | Scout Cavalry |
| 26:18 | Create | Skirmisher |
| 26:19 | Create | Skirmisher |
| 26:38 | Create | Skirmisher |
| 26:38 | Create | Skirmisher |
| 26:38 | Create | Skirmisher |
| 26:59 | Create | Knight |
| 27:08 | Create | Skirmisher |
| 27:08 | Create | Skirmisher |
| 27:25 | Create | Skirmisher |
| 27:25 | Create | Skirmisher |
| 27:47 | Create | Skirmisher |
| 27:48 | Create | Skirmisher |
| 27:48 | Research | Elite Skirmisher (upgrade) |
| 28:06 | Create | Skirmisher |
| 28:16 | Create | Villager (Male) |
| 28:17 | Create | Villager (Male) |
| 28:17 | Create | Villager (Male) |
| 28:17 | Create | Villager (Male) |
| 28:18 | Create | Villager (Male) |
| 28:20 | Build | House |
| 28:22 | Build | House |
| 28:51 | Create | Skirmisher |
| 28:51 | Create | Skirmisher |
| 28:51 | Create | Skirmisher |
Build order — Semmm Dúvidas
First 150 of 206 actions detected
| 0:16 | Build | House |
| 0:16 | Create | Villager (Male) |
| 0:16 | Create | Villager (Male) |
| 0:16 | Create | Villager (Male) |
| 0:16 | Create | Villager (Male) |
| 0:16 | Create | Villager (Male) |
| 0:16 | Create | Villager (Male) |
| 0:16 | Build | House |
| 0:16 | Build | House |
| 1:54 | Create | Villager (Male) |
| 2:05 | Build | Lumber Camp |
| 2:16 | Create | Villager (Male) |
| 2:41 | Create | Villager (Male) |
| 2:41 | Create | Villager (Male) |
| 3:03 | Create | Villager (Male) |
| 3:30 | Build | House |
| 3:55 | Create | Villager (Male) |
| 4:26 | Create | Villager (Male) |
| 4:26 | Create | Villager (Male) |
| 4:28 | Create | Villager (Male) |
| 4:29 | Create | Villager (Male) |
| 4:29 | Create | Villager (Male) |
| 4:37 | Build | House |
| 4:45 | Build | Mill |
| 5:17 | Create | Villager (Male) |
| 5:17 | Create | Villager (Male) |
| 5:17 | Create | Villager (Male) |
| 5:18 | Create | Villager (Male) |
| 5:18 | Create | Villager (Male) |
| 5:58 | Create | Villager (Male) |
| 5:58 | Create | Villager (Male) |
| 6:12 | Build | House |
| 6:56 | Research | Loom |
| 6:56 | Research | Loom |
| 6:57 | Create | Villager (Male) |
| 6:58 | Create | Villager (Male) |
| 6:58 | Create | Villager (Male) |
| 6:58 | Create | Villager (Male) |
| 7:22 | Create | Villager (Male) |
| 7:22 | Create | Villager (Male) |
| 7:23 | Create | Villager (Male) |
| 7:23 | Create | Villager (Male) |
| 7:41 | Build | Lumber Camp |
| 8:37 | Research | Loom |
| 8:38 | Research | Feudal Age |
| 8:58 | Build | Barracks |
| 9:19 | Build | House |
| 9:23 | Build | Palisade Wall |
| 9:29 | Build | Palisade Wall |
| 9:31 | Build | Palisade Wall |
| 9:33 | Build | Palisade Wall |
| 9:41 | Build | Farm |
| 9:42 | Build | Farm |
| 9:42 | Build | Farm |
| 9:42 | Build | Farm |
| 10:14 | Build | Mill |
| 10:19 | Build | Palisade Wall |
| 10:32 | Build | Palisade Wall |
| 10:35 | Build | Palisade Wall |
| 10:43 | Build | Palisade Wall |
| 10:50 | Age | Feudal Age |
| 10:53 | Create | Villager (Male) |
| 10:53 | Create | Villager (Male) |
| 10:54 | Create | Villager (Male) |
| 10:54 | Create | Villager (Male) |
| 10:54 | Create | Villager (Male) |
| 11:05 | Create | Spearman |
| 11:05 | Create | Spearman |
| 11:11 | Build | Palisade Wall |
| 11:20 | Build | Palisade Wall |
| 11:55 | Research | Man-at-Arms (upgrade) |
| 12:16 | Build | Building 796 |
| 12:27 | Research | Double-Bit Axe |
| 13:15 | Create | Militia |
| 13:15 | Create | Militia |
| 13:15 | Create | Militia |
| 13:18 | Create | Militia |
| 13:44 | Build | Market |
| 14:00 | Create | Villager (Male) |
| 14:10 | Build | House |
| 14:11 | Build | House |
| 14:11 | Build | House |
| 14:12 | Build | House |
| 14:12 | Build | House |
| 14:27 | Create | Villager (Male) |
| 15:22 | Build | Farm |
| 15:24 | Build | Farm |
| 15:24 | Build | Farm |
| 15:24 | Build | Farm |
| 15:24 | Build | Farm |
| 15:24 | Build | Farm |
| 15:25 | Build | Farm |
| 15:27 | Create | Villager (Male) |
| 15:27 | Create | Villager (Male) |
| 15:28 | Create | Villager (Male) |
| 15:28 | Create | Villager (Male) |
| 15:50 | Build | Blacksmith |
| 16:32 | Create | Villager (Male) |
| 16:32 | Create | Villager (Male) |
| 16:33 | Create | Villager (Male) |
| 16:38 | Build | Farm |
| 16:38 | Build | Farm |
| 16:38 | Build | Farm |
| 16:38 | Build | Farm |
| 16:38 | Build | Farm |
| 16:39 | Build | Farm |
| 16:39 | Build | Farm |
| 16:39 | Build | Farm |
| 17:11 | Research | Horse Collar |
| 17:27 | Build | Lumber Camp |
| 17:52 | Build | Mining Camp |
| 18:23 | Build | Farm |
| 18:23 | Build | Farm |
| 18:23 | Build | Farm |
| 18:23 | Build | Farm |
| 18:23 | Build | Farm |
| 18:24 | Build | Farm |
| 18:24 | Build | Farm |
| 18:24 | Build | Farm |
| 18:26 | Create | Villager (Male) |
| 18:26 | Create | Villager (Male) |
| 18:26 | Create | Villager (Male) |
| 18:27 | Create | Villager (Male) |
| 18:27 | Create | Villager (Male) |
| 18:55 | Create | Militia |
| 19:19 | Research | Gold Mining |
| 19:20 | Research | Stone Mining |
| 19:29 | Build | Farm |
| 21:00 | Build | Lumber Camp |
| 21:29 | Research | Castle Age |
| 21:51 | Create | Militia |
| 21:51 | Create | Militia |
| 21:51 | Create | Militia |
| 21:51 | Create | Militia |
| 22:09 | Build | Mining Camp |
| 23:32 | Research | Scale Mail Armor |
| 23:34 | Research | Scale Barding Armor |
| 23:35 | Research | Forging |
| 23:49 | Create | Villager (Male) |
| 23:49 | Create | Villager (Male) |
| 23:49 | Create | Villager (Male) |
| 24:09 | Age | Castle Age |
| 24:19 | Research | Long Swordsman (upgrade) |
| 24:22 | Research | Pikeman (upgrade) |
| 24:27 | Research | Chain Mail Armor |
| 26:27 | Build | Castle |
| 28:23 | Create | Villager (Male) |
| 28:23 | Create | Villager (Male) |
| 28:23 | Create | Villager (Male) |
| 28:24 | Create | Villager (Male) |
Match timeline
| 8:33 | CHONNR10 · first_building Barracks |
| 8:58 | Semmm Dúvidas · first_building Barracks |
| 9:21 | bDk · first_building Barracks |
| 9:23 | Semmm Dúvidas · wall_segment Palisade Wall x3 |
| 9:29 | Semmm Dúvidas · wall_segment Palisade Wall x1 |
| 9:31 | Semmm Dúvidas · wall_segment Palisade Wall x1 |
| 9:33 | Semmm Dúvidas · wall_segment Palisade Wall x1 |
| 9:59 | PicanteMartinez · first_building Barracks |
| 10:04 | bDk · age_up feudal |
| 10:19 | Semmm Dúvidas · wall_segment Palisade Wall x8 |
| 10:32 | Semmm Dúvidas · wall_segment Palisade Wall x9 |
| 10:35 | Semmm Dúvidas · wall_segment Palisade Wall x16 |
| 10:43 | Semmm Dúvidas · wall_segment Palisade Wall x5 |
| 10:50 | Semmm Dúvidas · age_up feudal |
| 10:51 | CHONNR10 · first_building Stable |
| 11:11 | Semmm Dúvidas · wall_segment Palisade Wall x5 |
| 11:20 | Semmm Dúvidas · wall_segment Palisade Wall x18 |
| 11:45 | PicanteMartinez · age_up feudal |
| 13:21 | bDk · first_building Archery Range |
| 15:12 | CHONNR10 · wall_segment Stone Wall x9 |
| 15:26 | CHONNR10 · wall_segment Stone Wall x12 |
| 16:43 | CHONNR10 · first_market_buy 100 wood |
| 17:21 | CHONNR10 · first_building Archery Range |
| 18:31 | PicanteMartinez · age_up castle |
| 18:53 | PicanteMartinez · first_building Archery Range |
| 19:34 | CHONNR10 · first_market_sell 100 wood |
| 20:01 | PicanteMartinez · first_market_buy 100 stone |
| 20:02 | CHONNR10 · wall_segment Stone Wall x12 |
| 24:09 | Semmm Dúvidas · age_up castle |
| 24:35 | CHONNR10 · tribute_sent a jugador 1 |
| 24:35 | CHONNR10 · tribute_sent a jugador 3 |
| 24:35 | CHONNR10 · tribute_sent a jugador 4 |
| 24:40 | PicanteMartinez · first_building Siege Workshop |
| 25:01 | Semmm Dúvidas · first_market_sell 100 wood |
| 25:07 | Semmm Dúvidas · first_market_buy 100 stone |
| 26:27 | Semmm Dúvidas · first_building Castle |
| 26:45 | bDk · age_up castle |
| 29:00 | PicanteMartinez · first_building Castle |
| 29:10 | PicanteMartinez · tribute_sent a jugador 1 |
| 29:10 | PicanteMartinez · tribute_sent a jugador 2 |
| 29:10 | PicanteMartinez · tribute_sent a jugador 3 |
| 29:16 | CHONNR10 · first_building Castle |
| 33:13 | Semmm Dúvidas · first_building Siege Workshop |
| 34:23 | bDk · first_market_buy 100 food |
| 34:31 | CHONNR10 · first_building Siege Workshop |
| 34:43 | bDk · first_building Monastery |
| 35:13 | bDk · first_building Stable |
| 35:47 | bDk · first_building Castle |
| 37:39 | CHONNR10 · tribute_sent a jugador 1 |
| 37:39 | CHONNR10 · tribute_sent a jugador 3 |
| 37:39 | CHONNR10 · tribute_sent a jugador 4 |
| 39:24 | Semmm Dúvidas · age_up imperial |
| 40:09 | PicanteMartinez · tribute_sent a jugador 1 |
| 40:09 | PicanteMartinez · tribute_sent a jugador 2 |
| 40:09 | PicanteMartinez · tribute_sent a jugador 3 |
| 40:53 | PicanteMartinez · age_up imperial |
| 41:44 | CHONNR10 · tribute_sent a jugador 1 |
| 41:44 | CHONNR10 · tribute_sent a jugador 3 |
| 41:44 | CHONNR10 · tribute_sent a jugador 4 |
| 45:38 | Semmm Dúvidas · wall_segment Palisade Wall x1 |
| 45:40 | Semmm Dúvidas · wall_segment Palisade Wall x1 |
| 46:25 | Semmm Dúvidas · resign |
[ AI ANALYSIS · 1 CREDIT ]
What really happened in this match?
Wolo.gg analyzes every decision: build order, eco, micro, common mistakes by bracket. Personalized analysis on WhatsApp or Discord in 30 seconds.
Civ guide
Chinese
Map guide
Arabia
Perfil
PicanteMartinez